 Dungeon Crawl Stone Soup version 0.29-a0-23-ga79f92ac9c (webtiles) character file.

Game seed: 8987211770392058323

8582 Dulis131 the Basher (level 11, -7/109 (114) HPs)
             Began as a Troll Fighter on Jan 30, 2022.
             Mangled by a troll (13 damage)
             ... on level 1 of the Orcish Mines.
             The game lasted 00:28:47 (7415 turns).

Dulis131 the Basher (Troll Fighter)                 Turns: 7415, Time: 00:28:48

HP:   -7/109 (114)  AC:  6    Str: 30    XL:     11   Next: 11%
MP:   10/10         EV: 11    Int:  4    God:
Gold: 437           SH:  9    Dex: 15    Spells: 10/10 levels left

rFire   + . .      SeeInvis .   p - +5 morningstar (vorpal)
rCold   + . .      Faith    .   c - +0 kite shield
rNeg    . . .      Spirit   .   Q - +2 robe {rC+ rF+}
rPois   .          Reflect  .   (helmet restricted)
rElec   .          Harm     .   (no cloak)
rCorr   .          Rampage  .   (gloves unavailable)
Will    .....      Clarity  +   (boots unavailable)
Stlth   +.........              B - amulet of the acrobat
HPRegen 1.88/turn               t - ring of flight
MPRegen 0.12/turn               O - +6 ring of dexterity

@: flying, lightly drained
A: large, unfitting armour, claws 3, regeneration 2, shaggy fur 1, tough skin 1,
clarity, robust 1, evolution 1
a: no special abilities


You were on level 1 of the Orcish Mines.
You visited 2 branches of the dungeon, and saw 11 of its levels.

You collected 437 gold pieces.

Inventory:

Hand Weapons
 b - the +7 staff of the Meek {protect, meekguard}
   (You found it on level 8 of the Dungeon)

   It grants its wielder temporary protection when it strikes (+7 to AC).
   It provides extra protection to wielders with little health.
 j - a +2 vorpal long sword
 p - a +5 vorpal morningstar (weapon)
 z - the +8 long sword "Wahiuxt" {protect, Fragile Will+ Stlth+}
   (You found it on level 3 of the Dungeon)

   It grants its wielder temporary protection when it strikes (+7 to AC).
   Fragile:   It will be destroyed if unequipped.
   Will:      It increases your willpower.
   Stlth:     It makes you more stealthy.
 G - a +3 great sword of freezing
 S - a +1 dire flail of protection
Armour
 c - a +0 kite shield (worn)
 F - a +2 robe of positive energy
 Q - a +2 robe of resistance (worn)
Magical Staves
 R - a staff of cold
Jewellery
 k - a ring of wizardry
 t - a ring of flight (left claw)
 B - an amulet of the acrobat (around neck)
 D - a ring of fire
 O - a +6 ring of dexterity (right claw)
 T - a ring of willpower
Wands
 I - a wand of flame (13) (quivered)
 J - a wand of acid (8)
 L - a wand of polymorph (3)
Scrolls
 h - 4 scrolls of enchant weapon
 l - 2 scrolls of fog
 n - 4 scrolls of teleportation
 q - 2 scrolls of enchant armour
 u - 4 scrolls of fear
 v - a scroll of amnesia {unknown}
 y - a scroll of immolation
 C - a scroll of magic mapping
 E - a scroll of brand weapon {unknown}
 H - a scroll of silence
 K - a scroll of torment {unknown}
 M - a scroll of summoning {unknown}
 N - a scroll of vulnerability {unknown}
Potions
 d - a potion of might
 f - a potion of haste
 g - 4 potions of curing
 r - 4 potions of lignification
 w - 2 potions of ambrosia
 x - 3 potions of flight


   Skills:
 + Level 5.5 Fighting
 - Level 1.6 Long Blades
 * Level 11.4 Maces & Flails
 * Level 5.3 Armour
 + Level 5.6 Dodging
 + Level 5.1 Shields
 + Level 0.2 Evocations


You had 10 spell levels left.
You didn't know any spells.
Your spell library contained the following spells:

 Spells                   Type           Power      Damage    Failure   Level
 Foxfire                  Conj/Fire      0%         2x1d4     77%         1
 Pain                     Necr           0%         1d4       77%         1
 Blink                    Tloc           0%         N/A       88%         2
 Static Discharge         Conj/Air       0%         N/A       88%         2
 Conjure Flame            Conj/Fire      0%         6-21      98%         3
 Inner Flame              Hex/Fire       0%         N/A       98%         3
 Lesser Beckoning         Tloc           0%         N/A       98%         3
 Cause Fear               Hex            0%         N/A       100%        4
 Dispel Undead            Necr           0%         3d6       100%        4
 Flame Wave               Conj/Fire      0%         2d4       100%        4
 Sticky Flame             Conj/Fire      0%         2d3       100%        4
 Agony                    Necr           0%         N/A       100%        5
 Excruciating Wounds      Necr           0%         N/A       100%        5
 Manifold Assault         Tloc           0%         N/A       100%        5
 Dragon Form              Tmut           0%         N/A       100%        7
 Dragon's Call            Summ           0%         N/A       100%        9


Dungeon Overview and Level Annotations

Branches:
Dungeon (10/15)            Temple (0/1) D:6             Orc (1/2) D:10
   Lair: D:8-11

Altars:
Ashenzari
Fedhas
Gozag
Nemelex Xobeh
Okawaru
Uskayaw
Zin
The Shining One


Innate Abilities, Weirdness & Mutations

You are too large for most types of armour.
You have claws for hands.
You heal very quickly.
You are covered in fur. (AC +1)
You have tough skin. (AC +1)
You possess an exceptional clarity of mind.
You are robust. (+10% HP)
You have hidden genetic potential.


Message History

The troll bites you! The troll completely misses you.
You block the troll's attack.
You bludgeon the troll!!
The troll is severely wounded.
You block the troll's attack. The troll claws you. The troll misses you.
You barely miss the troll.
The troll is severely wounded.
The troll bites you but does no damage. The troll claws you.
The troll claws you! You block the troll's attack. The troll barely misses you.
You block the troll's attack.
You hit the troll.
The troll is severely wounded.
The troll completely misses you. The troll claws you! x2
You puncture the orc sorcerer!
The orc sorcerer is moderately wounded.
You block the troll's attack. The troll claws you.
The troll closely misses you. The orc sorcerer casts a spell at you.
The bolt of fire misses you.
You thump the orc sorcerer!
The orc sorcerer is heavily wounded.
You block the troll's attack. The troll closely misses you.
The troll claws you but does no damage.
The orc sorcerer mumbles some strange words.
You closely miss the orc sorcerer.
The orc sorcerer is heavily wounded.
The troll closely misses you. The troll barely misses you. The troll claws you.
The orc sorcerer casts a spell at you. The bolt of fire hits you!! You resist.
You barely miss the orc sorcerer.
The orc sorcerer is heavily wounded.
The hellwing hits you!
* * * LOW HITPOINT WARNING * * *
The hellwing hits you.
* * * LOW HITPOINT WARNING * * *
The orc sorcerer gestures at you while chanting.
The bolt of negative energy hits you!!
You feel drained.
* * * LOW HITPOINT WARNING * * *
The troll bites you!
You die...

#.#.... ...#. ... ##
#.# ##.# ##.#### ##...
#...#.# #..$.####
#...... ##...4#..###
####......
#....T@....###.#.......
##...o......#..........
##......#..#.........)
#.............#.....).
..#....................
#.
#.................... #
#..........#.........
.........###.........
...>...# #.........


You could see a hellwing (summoned), a troll and an orc sorcerer.

Vanquished Creatures
  An orc warlord (D:10)
  A two-headed ogre (D:9)
  A cyclops (D:10)
  A komodo dragon (D:10)
  A troll (shapeshifter) (D:10)
  A troll (D:10)
  A wyvern (D:9)
  A steam dragon (D:9)
  A warg (D:10)
  Edmund (D:5)
  A water moccasin (D:7)
  A sky beast (D:7)
  Duvessa (D:7)
  10 orc warriors
  6 black bears
  2 ogres
  An ice beast (D:6)
  A necrophage (D:6)
  4 centaurs
  2 phantoms (D:5)
  3 bullfrogs (D:7)
  2 gnoll sergeants
  3 wyvern zombies
  2 scorpions
  Dowan (D:7)
  A water moccasin skeleton (D:6)
  7 wights
  12 killer bees
  A howler monkey (D:8)
  6 electric eels (D:10)
  2 centaur zombies (D:8)
  3 hounds
  3 bullfrog zombies
  2 bullfrog skeletons
  3 jellies
  7 orc priests
  Terence (D:2)
  2 iguanas
  16 orc wizards
  A hound zombie (D:5)
  Robin (D:2)
  14 gnolls
  8 adders
  A shadow imp (D:7)
  A worm (D:5)
  3 dart slugs
  36 orcs
  3 ball pythons
  3 endoplasms
  A giant cockroach (D:1)
  6 hobgoblins
  2 jackals (D:5)
  4 quokkas
  4 bats
  4 frilled lizards
  13 goblins
  5 kobolds
  3 rats
229 creatures vanquished.

Vanquished Creatures (others)
  An orc wizard (Orc:1)
  2 orcs (D:9)
  2 plants (D:5)
5 creatures vanquished.

Grand Total: 234 creatures vanquished

Notes
Turn   | Place    | Note
-------+----------+-------------------------------------------
     0 | D:1      | Dulis131 the Troll Fighter began the quest for the Orb.
     0 | D:1      | Reached XP level 1. HP: 22/22 MP: 0/0
   259 | D:1      | Reached XP level 2. HP: 19/29 MP: 1/1
   672 | D:2      | Noticed Robin
   687 | D:2      | Reached XP level 3. HP: 34/35 MP: 2/2
   692 | D:2      | Reached skill level 1 in Long Blades
   702 | D:2      | Killed Robin
   747 | D:2      | Noticed Terence
   790 | D:2      | Killed Terence
   791 | D:2      | Reached XP level 4. HP: 11/44 MP: 3/3
  1268 | D:2      | Reached skill level 2 in Maces & Flails
  1314 | D:3      | Found a broken altar of Ashenzari.
  1471 | D:3      | Found a hide-covered altar of Uskayaw.
  1775 | D:3      | Identified the +8 long sword "Wahiuxt" {protect, Fragile
                  | Will+ Stlth+}
  1810 | D:4      | Noticed a scorpion
  1815 | D:4      | Killed a scorpion
  1816 | D:4      | Reached XP level 5. HP: 40/52 MP: 4/4
  1876 | D:4      | Found a sparkling altar of Nemelex Xobeh.
  1944 | D:4      | Noticed an orc warrior
  1972 | D:4      | Reached skill level 3 in Maces & Flails
  1972 | D:4      | Reached skill level 1 in Armour
  2013 | D:4      | Killed an orc warrior
  2014 | D:4      | Reached XP level 6. HP: 61/61 MP: 5/5
  2072 | D:4      | Found a glowing golden altar of the Shining One.
  2334 | D:5      | Entered Level 5 of the Dungeon
  2341 | D:5      | Reached skill level 4 in Maces & Flails
  2342 | D:5      | HP: 1/61 [orc priest/divine providence (17)]
  2422 | D:4      | Reached XP level 7. HP: 27/67 MP: 6/6
  2541 | D:5      | Reached skill level 5 in Maces & Flails
  2972 | D:5      | Noticed Edmund
  3022 | D:5      | Killed Edmund
  3023 | D:5      | Reached skill level 6 in Maces & Flails
  3023 | D:5      | Reached XP level 8. HP: 55/75 MP: 7/7
  3626 | D:6      | Reached skill level 7 in Maces & Flails
  3656 | D:6      | Found a blossoming altar of Fedhas.
  3762 | D:6      | Identified the +5 ring mail of the Vacuum {rElec rC+ Dex+5
                  | Stlth+}
  3791 | D:6      | Found a staircase to the Ecumenical Temple.
  4096 | D:7      | Reached XP level 9. HP: 80/84 MP: 8/8
  4193 | D:7      | Reached skill level 8 in Maces & Flails
  4591 | D:7      | Noticed Duvessa
  4592 | D:7      | Noticed Dowan
  4609 | D:7      | Killed Duvessa
  4653 | D:7      | Killed Dowan
  4754 | D:8      | Reached skill level 9 in Maces & Flails
  4937 | D:8      | Found an opulent altar of Gozag.
  5173 | D:8      | Found a glowing silver altar of Zin.
  5223 | D:8      | Found the +7 staff of the Meek {protect, meekguard}
  5447 | D:8      | Identified the +2 dagger of Amorality {vorpal, Int+5}
  5730 | D:9      | Reached XP level 10. HP: 75/94 MP: 9/9
  5806 | D:9      | Gained mutation: You have large cloven feet. [potion of
                  | mutation]
  5806 | D:9      | Gained mutation: You are weak. (Str -2) [potion of
                  | mutation]
  6087 | D:9      | Lost mutation: You are weak. (Str -2) [potion of mutation]
  6087 | D:9      | Lost mutation: You have large cloven feet. [potion of
                  | mutation]
  6087 | D:9      | Gained mutation: Your magical capacity is low. (-10% MP)
                  | [potion of mutation]
  6087 | D:9      | Gained mutation: You are partially covered in iridescent
                  | scales. (AC +2) [potion of mutation]
  6087 | D:9      | Gained mutation: You are robust. (+10% HP) [potion of
                  | mutation]
  6087 | D:9      | Gained mutation: You have large cloven feet. [potion of
                  | mutation]
  6088 | D:9      | Lost mutation: You are robust. (+10% HP) [potion of
                  | mutation]
  6088 | D:9      | Lost mutation: You are partially covered in iridescent
                  | scales. (AC +2) [potion of mutation]
  6089 | D:9      | Lost mutation: You have large cloven feet. [potion of
                  | mutation]
  6089 | D:9      | Lost mutation: Your magical capacity is low. (-10% MP)
                  | [potion of mutation]
  6089 | D:9      | Gained mutation: You heal very quickly. [potion of
                  | mutation]
  6089 | D:9      | Gained mutation: You possess an exceptional clarity of
                  | mind. [potion of mutation]
  6089 | D:9      | Gained mutation: You have hidden genetic potential. [potion
                  | of mutation]
  6189 | D:9      | Noticed a two-headed ogre
  6251 | D:9      | Killed a two-headed ogre
  6252 | D:9      | Reached skill level 10 in Maces & Flails
  6348 | D:9      | Reached skill level 5 in Dodging
  6620 | D:10     | Entered Level 10 of the Dungeon
  6620 | D:10     | Found a staircase to the Orcish Mines.
  6650 | Orc:1    | Entered Level 1 of the Orcish Mines
  6650 | Orc:1    | Noticed an orc warlord
  6705 | D:10     | Reached skill level 5 in Fighting
  6711 | D:10     | Found an iron altar of Okawaru.
  6739 | D:10     | Killed an orc warlord
  6930 | D:10     | Reached skill level 5 in Armour
  6941 | D:10     | Reached skill level 11 in Maces & Flails
  7042 | D:10     | Noticed a cyclops
  7088 | D:10     | Killed a cyclops
  7089 | D:10     | Reached skill level 5 in Shields
  7139 | D:10     | Reached XP level 11. HP: 64/104 MP: 10/10
  7181 | D:10     | Gained mutation: You are robust. (+10% HP) [hidden
                  | potential]
  7407 | Orc:1    | Noticed an orc sorcerer
  7415 | Orc:1    | Mangled by a troll

Illustrated notes

Levels and vault maps discovered:
D:1:      lightli_arrival_chessboard, layout_loops_ring, minmay_pentomino_s2
D:2:      layout_loops_ring, uniq_terence, uniq_robin
D:3:      layout_rooms, amcnicky_altar_gilded, cheibrodos_ashenzari_chains
D:4:      layout_basic, nemelex_spade_bored_becter, old_standard_altar,
          serial_curves, eino_curves_02, eino_curves_02
D:5:      layout_gridville, minmay_misc_feat_diagonals, serial_bayou_lagoon_b,
          uniq_edmund
D:6:      layout_rooms, old_standard_altar, minmay_temple_entry_statues_pillars,
          hex_tiny
D:7:      layout_basic, uniq_duvessa
D:8:      layout_loops_ring, overflow_temple_1_default,
          nicolae_overflow_crystal_walls, minmay_misc_feat_alley
D:9:      layout_long_grid
D:10:     kennysheep_big_flooded_room, layout_rooms, lemuel_doored_altar,
          general_overflow_altar, dpeg_lair_monsters, orc_0_dummy
Orc:1:    layout_caves, serial_shops, nicolae_shop_waterfront, basic_altar

Skill      XL: |  1  2  3  4  5  6  7  8  9 10 |
---------------+-------------------------------+-----
Long Blades    | 1 |  1.6
Dodging        | 3 4 5 |  5.6
Maces & Flails | 2 3 4 6 7 9 11 | 11.4
Shields        | 3 4 5 |  5.1
Armour         | 1 2 3 4 5 |  5.3
Fighting       | 3 4 5 |  5.5
Evocations     | |  0.2

Action                   |  1- 3 |  4- 6 |  7- 9 | 10-12 || total
-------------------------+-------+-------+-------+-------++-------
Melee: Flail             |    23 |       |       |       ||    23
       Long sword        |    82 |       |       |       ||    82
       Morningstar       |       |    89 |   286 |   220 ||   595
Evoke: Wand              |       |       |       |    14 ||    14
  Use: Potion            |       |       |       |    13 ||    13
       Scroll            |       |       |       |     9 ||     9
Armor: Robe              |    36 |    25 |    78 |    45 ||   184
Dodge: Dodged            |    57 |    45 |   161 |   154 ||   417
Block: Kite shield       |    42 |    48 |   123 |   140 ||   353

Table legend: (Time is in decaauts)
 A = Elapsed time spent in this place.
 B = Non-inter-level travel time spent in this place.
 C = Inter-level travel time spent in this place.
 D = Time resting spent in this place.
 E = Time spent auto-exploring this place.
 F = Levels seen in this place.
 G = Mean time per level.
                   A        B        C        D        E       F      G
               +--------+--------+--------+--------+--------+-----+--------+
         Total |   7596 |   7325 |    271 |    607 |   4214 |  11 |  690.5 |
       Dungeon |   7496 |   7225 |    271 |    607 |   4187 |  10 |  749.6 |
  Orcish Mines |     99 |     99 |      0 |      0 |     27 |   1 |   99.0 |
               +--------+--------+--------+--------+--------+-----+--------+

Top non-repeatable levels by time:
     D:5: 1129 daAuts
     D:9: 1071 daAuts
     D:8: 826 daAuts
     D:2: 745 daAuts
    D:10: 719 daAuts
     D:4: 681 daAuts
     D:7: 643 daAuts
     D:1: 627 daAuts
     D:6: 545 daAuts
     D:3: 507 daAuts
   Orc:1: 99 daAuts
